AoeStats
← art.petri4encko2013

Arabia

506698359Analyzed
1v1 RM · 17d ago on Sep 14, 2026· 39m 20s· 2 players
Game mode
Random Map
Map size
Tiny (2 player)
Population
200
Speed
Normal
Resources
Standard
Victory
Conquest
Starting age
Dark Age
Ending age
Imperial Age
RankedLock teamsTeams togetherTeam positionsShared explorationLock speedFull tech treeHidden civsTurbo modeCheats
Victory
Defeat
🇷🇺 Burgundians · Russia
668
+18
706
-25
art.petri4encko2013
6:53 Loom
10:12 Feudal Age
12:19 Double-Bit Axe
16:14 Wheelbarrow
18:59 Castle Age
19:01 Bow Saw
21:55 Scale Barding Armor
22:11 Cavalier
25:18 Husbandry
33:40 Fletching
34:02 Forging
35:33 Bodkin Arrow
Капитан печенька
11:05 Feudal Age
11:46 Double-Bit Axe
14:22 Horse Collar
20:13 Castle Age
19:34 Fletching
21:32 Bow Saw
21:25 Heavy Plow
21:37 Stone Mining
22:04 Bodkin Arrow
23:20 Loom
25:58 Pikeman
30:42 Guard Tower
32:16 Yasama
32:35 Forging
32:25 Scale Mail Armor
33:12 Squires
32:57 Gambesons
32:33 Man-at-Arms
32:59 Arson
Connection lost

Rejoining the realm…

Still unreachable

The connection could not be restored.

Session expired

The server has moved on; the page needs a fresh start.